 Dungeon Crawl Stone Soup version 0.29.1-2-gbd0b4ee654 (webtiles) character file.

Game seed: 3256020396951284240

5452 KittyFluff the Basher (level 10, -13/91 HPs)
             Began as a Gargoyle Berserker on Nov 24, 2022.
             Was an Elder of Trog.
             Mangled by Snorg (22 damage)
             ... on level 9 of the Dungeon.
             The game lasted 00:48:06 (8870 turns).

KittyFluff the Basher (Gargoyle Berserker)          Turns: 8870, Time: 00:48:07

Health: -13/91     AC: 17    Str: 21    XL:     10   Next: 68%
Magic:  10/10      EV: 13    Int: 14    God:    Trog [****..]
Gold:   469        SH:  0    Dex: 13    Spells: 9/9 levels left

rFire   . . .      SeeInvis .   R - +1 dire flail
rCold   + . .      Faith    .   (shield currently unavailable)
rNeg    + . .      Spirit   .   a - +2 animal skin
rPois   ∞          Reflect  .   w - +0 helmet
rElec   +          Harm     .   J - scarf {+Inv}
rCorr   .          Rampage  .   U - +0 pair of gloves
Will    .....                   m - +2 pair of boots
Stlth   ..........              v - amulet of Polytheism {rC+ Regen+ Int+6}
HPRegen 1.05/turn               (no ring)
MPRegen 0.12/turn               (no ring)

@: berserking, very quick
A: sickness immunity, AC +7, negative energy resistance 1, electricity
resistance, torment resistance 1, petrification resistance
a: Renounce Religion, Evoke Invisibility, Berserk, Trog's Hand, Brothers in Arms


You were on level 9 of the Dungeon.
You worshipped Trog.
Trog was greatly pleased with you.
You visited 1 branch of the dungeon, and saw 10 of its levels.

You collected 519 gold pieces.
You spent 50 gold pieces at shops.

Inventory:

Hand Weapons
 h - a +1 scimitar of flaming
 s - a +0 sling
 x - a +2 mace of draining
 y - a +1 spectral club
 H - a +1 antimagic flail
 R - a +1 dire flail (weapon)
 W - a +4 mace
Missiles
 j - 37 poisoned darts
 t - 13 boomerangs (quivered)
 C - a throwing net
 S - a curare-tipped dart
Armour
 a - a +2 animal skin (worn)
 f - a +0 leather armour
 m - a +2 pair of boots (worn)
 w - a +0 helmet (worn)
 A - a +0 kite shield
 J - a scarf of invisibility (worn)
 O - the +4 ring mail of Teogeul {+Inv rC+ rN++ Dex-5}
   (You found it on level 8 of the Dungeon)

   Dex:       It affects your dexterity (-5).
   rC:        It protects you from cold.
   rN:        It greatly protects you from negative energy.
   +Inv:      It lets you turn invisible.
 P - a +0 cloak
 Q - a +1 robe of positive energy
 U - a +0 pair of gloves (worn)
Jewellery
 v - the amulet of Polytheism (around neck) {rC+ Regen+ Int+6}
   (You found it on level 2 of the Dungeon)

   [amulet of regeneration]

   Int:       It affects your intelligence (+6).
   rC:        It protects you from cold.
   Regen:     It increases your rate of health regeneration.
 E - an amulet of faith
Wands
 z - a wand of flame (37)
 B - a wand of roots (10)
 K - a wand of digging (19)
 V - a wand of polymorph (6)
Scrolls
 b - 2 scrolls of poison {unknown}
 e - 9 scrolls of teleportation
 k - 4 scrolls of noise {unknown}
 o - 2 scrolls of enchant weapon {unknown}
 p - 3 scrolls of vulnerability {unknown}
 q - a scroll of amnesia {unknown}
 D - 4 scrolls of immolation {unknown}
 G - 2 scrolls of magic mapping {unknown}
 I - 3 scrolls of blinking {unknown}
 M - a scroll of enchant armour {unknown}
 T - a scroll of silence {unknown}
Potions
 c - 8 potions of curing
 d - 4 potions of flight
 g - a potion of mutation
 i - 2 potions of resistance
 l - 2 potions of berserk rage
 n - a potion of might {unknown}
 r - a potion of brilliance {unknown}
 u - 2 potions of heal wounds {unknown}
 F - a potion of cancellation {unknown}
 L - a potion of attraction {unknown}
 N - a potion of invisibility {unknown}


   Skills:
 + Level 6.6 Fighting
 + Level 8.9 Maces & Flails
 + Level 3.1 Ranged Weapons
 + Level 1.7 Throwing
 * Level 7.1 Armour
 + Level 4.8 Dodging
 + Level 2.9 Stealth
 * Level 5.6 Shields
 * Level 4.3 Evocations


You had 9 spell levels left.
You didn't know any spells.
Your spell library contained the following spells:

 Spells                   Type           Power      Damage    Failure   Level
 Blink                    Tloc           0%         N/A       41%         2
 Lesser Beckoning         Tloc           0%         N/A       65%         3
 Manifold Assault         Tloc           0%         N/A       100%        5


Dungeon Overview and Level Annotations

Branches:
Dungeon (10/15)            Temple (0/1) D:5            Lair (0/5) D:8
    Orc: D:9-12

Altars:
Fedhas
Gozag
Kikubaaqudgha
Qazlal
Ru
Sif Muna
Vehumet
Wu Jian

Shops:
D:2 ?   D:6 =   D:8 !

Annotations:
D:9 Snorg


Innate Abilities, Weirdness & Mutations

You are immune to sickness and miasma.
Your stone body is resilient. (AC +7)
You are immune to poison.
You resist negative energy. (rN+)
You are resistant to electric shocks. (rElec)
You are resistant to unholy torment.
You are immune to petrification.


Message History

The orc warrior shouts!
Throw: 13 boomerangs
Press: ? - help, Q - select action, (/) - cycle Shift-Dir - straight line, f/p - orc
Aim: an orc, wielding a +0 dagger (heavily wounded, 60% to hit)
You throw a boomerang. The boomerang closely misses the orc.
The boomerang hits the orc priest.
The orc priest is lightly wounded.
The orc priest calls down the wrath of Beogh upon you.
Beogh smites you! The orc completely misses you.
You barely miss the orc.
The orc is heavily wounded.
The orc completely misses you.
You closely miss the orc.
The orc is moderately wounded.
You hit the orc.
The orc is severely wounded.
The orc closely misses you.
You hit the orc.
You kill the orc!
Trog accepts your kill.
The orc priest calls down the wrath of Beogh upon you.
Beogh smites you! The orc warrior misses you. Snorg bites you!
Snorg misses you. Snorg claws you but does no damage.
You climb upwards.
There is a stone staircase leading down here.
A red film seems to cover your vision as you go berserk!
You feel yourself moving faster!
You feel mighty!
Snorg goes berserk!
You completely miss Snorg. Snorg bites you but does no damage. Snorg claws you!
Snorg closely misses you.
You closely miss Snorg. Snorg bites you!!
* * * LOW HITPOINT WARNING * * *
Snorg claws you.
* * * LOW HITPOINT WARNING * * *
Snorg barely misses you.
You closely miss Snorg. Snorg bites you!
* * * LOW HITPOINT WARNING * * *
Snorg barely misses you. Snorg closely misses you.
You barely miss Snorg. Snorg bites you!!
You die...

......# ##..........# #.....#
##..........## #.....#####
#...........## ##........#
#...[......>.## #.......##
#.....<......# #......##
#............ #......# ####
#............ ##.....## ##.T###
##........... #......#
##...@.## ##..........
#......###.......## ##........#
#.......##........####........#
#.......#..........##..#....###
#.......#...........#.#######
##....................#
###.....##............##
#######
##....######...........#
#...... #...### #..........##
##......


You could see Snorg (berserk).

Vanquished Creatures
  A cyclops (D:7)
  An elephant (D:8)
  A troll (D:9)
  Grinder (D:5)
  Sigmund (D:6)
  2 wyverns
  A basilisk (D:8)
  A steam dragon (D:9)
  Menkaure (D:5)
  2 water moccasins (D:6)
  A sky beast (D:7)
  An orc warrior (D:7)
  2 black bears
  An ice beast (D:6)
  2 ogres
  2 phantoms (D:6)
  2 kobold brigands
  Blork the orc (D:5)
  5 bullfrogs
  3 scorpions
  8 wights
  3 killer bees (D:9)
  9 howler monkeys
  2 hounds (D:5)
  2 orc priests
  A gnoll bouda (D:5)
  4 jellies
  Jessica (D:3)
  Terence (D:2)
  Natasha (thrice) (D:3)
  2 iguanas
  7 orc wizards
  Robin (D:3)
  7 gnolls
  11 adders
  4 shadow imps
  A white imp (D:6)
  An ufetubus (D:5)
  2 worms
  3 dart slugs
  23 orcs
  7 ball pythons
  6 endoplasms
  3 giant cockroaches
  4 hobgoblins
  2 jackals (D:2)
  A quokka (D:1)
  7 bats
  4 frilled lizards
  16 goblins
  17 kobolds
  2 rats
197 creatures vanquished.

Vanquished Creatures (others)
  6 fungi
  8 plants
14 creatures vanquished.

Grand Total: 211 creatures vanquished

Notes
Turn   | Place    | Note
-------+----------+-------------------------------------------
     0 | D:1      | KittyFluff the Gargoyle Berserker began the quest for the
                  | Orb.
     0 | D:1      | Reached XP level 1. HP: 14/14 MP: 1/1
   399 | D:1      | Reached XP level 2. HP: 15/19 MP: 2/2
  1121 | D:1      | Reached XP level 3. HP: 24/24 MP: 3/3
  1657 | D:2      | Found Alig's Magic Scroll Boutique.
  1724 | D:2      | Reached ** piety under Trog
  1731 | D:2      | Reached XP level 4. HP: 29/29 MP: 4/4
  1781 | D:2      | Noticed Terence
  1790 | D:2      | Killed Terence
  2022 | D:2      | Reached skill level 4 in Maces & Flails
  2052 | D:2      | Identified the amulet of Polytheism {rC+ Regen+ Int+6}
  2134 | D:2      | Bought a scroll of identify for 20 gold pieces
  2134 | D:2      | Bought a scroll of teleportation for 30 gold pieces
  2174 | D:3      | Noticed Natasha
  2174 | D:3      | Found a faded altar of an unknown god.
  2193 | D:3      | Killed Natasha
  2194 | D:3      | Reached XP level 5. HP: 33/33 MP: 5/5
  2314 | D:3      | Found a sacrificial altar of Ru.
  2318 | D:3      | Found an opulent altar of Gozag.
  2424 | D:3      | Reached skill level 1 in Stealth
  2487 | D:3      | Noticed Robin
  2580 | D:3      | Killed Robin
  2607 | D:3      | Reached skill level 1 in Ranged Weapons
  2764 | D:3      | Reached XP level 6. HP: 26/38 MP: 6/6
  3035 | D:3      | Noticed Jessica
  3044 | D:3      | Killed Jessica
  3115 | D:3      | Found a radiant altar of Vehumet.
  3117 | D:3      | Noticed Natasha
  3132 | D:3      | Killed Natasha
  3133 | D:3      | Reached *** piety under Trog
  3268 | D:3      | Noticed Natasha
  3276 | D:3      | Killed Natasha
  3642 | D:4      | Found an ornate altar of the Wu Jian Council.
  3762 | D:4      | Reached XP level 7. HP: 40/43 MP: 7/7
  3972 | D:4      | Found a stormy altar of Qazlal.
  4131 | D:4      | Reached skill level 5 in Maces & Flails
  4131 | D:4      | Reached skill level 1 in Shields
  4316 | D:5      | Entered Level 5 of the Dungeon
  4870 | D:5      | Found a staircase to the Ecumenical Temple.
  4942 | D:5      | Reached XP level 8. HP: 43/48 MP: 8/8
  5106 | D:5      | Found a shimmering blue altar of Sif Muna.
  5144 | D:6      | Noticed Blork the orc
  5151 | D:5      | Killed Blork the orc
  5181 | D:6      | Noticed Sigmund
  5192 | D:6      | Killed Sigmund
  5193 | D:6      | Reached skill level 6 in Maces & Flails
  5193 | D:6      | Reached skill level 1 in Evocations
  5239 | D:6      | Noticed Menkaure
  5240 | D:6      | Noticed Grinder
  5352 | D:5      | Paralysed by Grinder for 3 turns
  5361 | D:5      | Paralysed by Grinder for 5 turns
  5375 | D:5      | Killed Grinder
  5376 | D:5      | Reached skill level 5 in Armour
  5404 | D:5      | Killed Menkaure
  5405 | D:5      | Reached skill level 5 in Fighting
  5683 | D:6      | Reached **** piety under Trog
  5719 | D:6      | Reached skill level 1 in Throwing
  5719 | D:6      | Reached XP level 9. HP: 54/54 MP: 9/9
  5777 | D:6      | Found Kemaer's Jewellery Shop.
  5991 | D:6      | Reached skill level 7 in Maces & Flails
  6027 | D:6      | Found an ancient bone altar of Kikubaaqudgha.
  6033 | D:6      | Found a blossoming altar of Fedhas.
  6572 | D:7      | Noticed a cyclops
  6586 | D:7      | Killed a cyclops
  7243 | D:8      | Found a staircase to the Lair.
  7244 | D:8      | Noticed an elephant
  7288 | D:8      | Found Diulunga's Distillery.
  7356 | D:8      | Identified the +4 ring mail of Teogeul {+Inv rC+ rN++
                  | Dex-5}
  7501 | D:8      | Killed an elephant
  7502 | D:8      | Reached skill level 8 in Maces & Flails
  7502 | D:8      | Reached XP level 10. HP: 60/60 MP: 10/10
  7716 | D:8      | Reached skill level 5 in Shields
  8854 | D:10     | Entered Level 10 of the Dungeon
  8856 | D:10     | Noticed Snorg
  8870 | D:9      | Mangled by Snorg

Illustrated notes

Levels and vault maps discovered:
D:1:      sevenhm_arrival_forest_fort_small_6, layout_loops_ring,
          dreamdust_princess_bridge
D:2:      layout_rooms, serial_shops, shop, uniq_terence
D:3:      layout_loops_ring, vehumet_altar_wand_db,
          mainiacjoe_overflow_catwalk_spiral, dreamdust_ecumenical_altar_grove,
          uniq_natasha, uniq_jessica, uniq_robin
D:4:      layout_cave_pods, nicolae_overflow_crystal_walls,
          nzn_wu_jian_council_hall
D:5:      layout_basic, kennysheep_little_box, minmay_temple_entry_proselytizer
D:6:      layout_rooms, grunt_temple_overflow_growth_and_decay, serial_shops,
          nicolae_shop_advertising_works [nicolae_subvault_shop_adworks],
          uniq_menkaure, uniq_grinder, uniq_blork_the_orc, uniq_sigmund
D:7:      layout_gridville
D:8:      layout_basic, david_lair_generic, serial_shops, shop
D:9:      layout_cave_pods, kennysheep_generic_room_13
D:10:     layout_roguey, lemuel_tele_altar, chequers_temple_overflow_minitemple,
          mainiacjoe_overflow_small_starburst, orc_0_dummy,
          minmay_misc_feat_more_columns, uniq_snorg

Skill      XL: |  1  2  3  4  5  6  7  8  9 10 |
---------------+-------------------------------+-----
Dodging        | 2 3 4 |  4.8
Armour         | 3 4 5 6 7 |  7.1
Maces & Flails | 4 5 6 8 |  8.9
Fighting       | 4 5 6 |  6.6
Stealth        | 1 2 |  2.9
Ranged Weapons | 1 3 |  3.1
Shields        | 1 3 4 5 |  5.6
Evocations     | 2 3 4 |  4.3
Throwing       | 1 |  1.7

Action                   |  1- 3 |  4- 6 |  7- 9 | 10-12 || total
-------------------------+-------+-------+-------+-------++-------
Melee: Mace              |   143 |   136 |   376 |    39 ||   694
       Punch             |       |       |     6 |       ||     6
       Dire flail        |       |       |       |   131 ||   131
 Fire: Sling             |       |    75 |       |       ||    75
Throw: Boomerang         |       |       |    20 |     5 ||    25
Invok: Berserk           |     2 |     5 |     7 |     1 ||    15
  Use: Scroll            |       |     3 |     3 |     1 ||     7
 Stab: Sleeping          |       |       |     1 |       ||     1
Armor: Animal skin       |    54 |    50 |   175 |    83 ||   362
Dodge: Dodged            |   131 |    80 |   239 |   126 ||   576
